 Dungeon Crawl Stone Soup version 0.21.1-1-g345015f (webtiles) character file.

1096 naslowski the Ruffian (level 8, -3/75 HPs)
             Began as a Troll Fighter on Feb 21, 2018.
             Slain by an ogre zombie
             ... wielding a +0 giant spiked club of venom
              (9 damage)
             ... on level 5 of the Dungeon on Feb 22, 2018.
             The game lasted 00:53:23 (5303 turns).

naslowski the Ruffian (Troll Fighter)               Turns: 5303, Time: 00:53:24

Health: -3/75      AC:  8    Str: 27    XL:     8   Next: 10%
Magic:  7/7        EV: 11    Int:  4    God:
Gold:   10         SH:  0    Dex:  9    Spells: 7/7 levels left

rFire    . . .     SeeInvis .     - Unarmed
rCold    . . .     Gourm    +   (no shield)
rNeg     . . .     Faith    .   N - +0 troll leather armour
rPois    .         Spirit   .   (helmet restricted)
rElec    .         Reflect  .   s - +0 cloak
rCorr    +         Harm     .   (gloves unavailable)
MR       .....                  (boots unavailable)
Stlth    +.........             (no amulet)
HPRegen  1.02/turn              x - ring of resist corrosion
MPRegen  0.10/turn              (no ring)

@: lethally poisoned (-3 -> -23)
A: large, unfitting armour, claws 3, fast metabolism 3, gourmand, regeneration
1, shaggy fur 1, tough skin 2
a: no special abilities


You were on level 5 of the Dungeon.
You were very hungry.

You visited 1 branch of the dungeon, and saw 5 of its levels.

You collected 190 gold pieces.
You spent 180 gold pieces at shops.

Inventory:

Hand Weapons
 j - a +0 whip of electrocution
 m - a +0 dagger
 p - a +0 dagger
 q - a +0 dagger
 r - a +0 dagger
 t - a +0 club
 u - a cursed -2 whip
 w - a +0 dagger
 z - a +0 dagger
 B - a +0 club
 C - a +0 dagger
 G - a +0 club
 H - a +0 club
 I - a +0 short sword
 J - a +0 club
 L - a +0 club
 M - a +0 hand axe
 O - a +0 scythe
 Q - a +0 club
 R - a +0 club
 T - a +0 dagger
 U - a +0 club
 W - a +0 hand axe
 X - a +0 dagger
 Z - a cursed -3 trident
Missiles
 e - 33 bolts
 y - 36 poisoned needles
 K - 2 tomahawks (quivered)
 V - 34 arrows
Armour
 a - a +0 robe
 b - a +0 shield
 i - a +0 ring mail
 s - a +0 cloak (worn)
 N - a +0 troll leather armour (worn)
 P - a +0 robe
 S - a +2 robe of fire resistance
 Y - a +0 robe
Jewellery
 x - a ring of resist corrosion (left claw)
Scrolls
 f - a scroll of amnesia {unknown}
 k - 3 scrolls of noise {unknown}
 l - 2 scrolls of remove curse {unknown}
 o - a scroll of enchant weapon {unknown}
 A - 2 scrolls of identify {unknown}
Potions
 c - 2 potions of might
 g - 3 potions of curing {unknown}
 h - 4 potions of resistance
 v - a potion of ambrosia {unknown}
 D - a potion of agility {unknown}
 E - 2 potions of heal wounds {unknown}
 F - a potion of lignification {unknown}
Comestibles
 d - 5 rations


   Skills:
 + Level 3.5 Fighting
 + Level 1.4 Armour
 + Level 4.7 Dodging
 + Level 1.4 Stealth
 + Level 2.6 Shields
 + Level 6.8 Unarmed Combat


You had 7 spell levels left.
You didn't know any spells.

Dungeon Overview and Level Annotations

Branches:
Dungeon (5/15)
 Temple: D:4-7

Altars:
Makhleb
Nemelex Xobeh

Shops:
D:4 *

Annotations:
D:5 1 transporter


Innate Abilities, Weirdness & Mutations

You are too large for most types of armour.
You have claws for hands.
Your metabolism is lightning-fast.
You like to eat raw meat.
Your natural rate of healing is unusually fast.
You are covered in fur. (AC +1)
You have very tough skin. (AC +2)


Message History

* * * LOW HITPOINT WARNING * * *
You are lethally poisoned!
You claw the ogre zombie!
You destroy the ogre zombie!
* * * LOW HITPOINT WARNING * * *
You feel very sick.
* * * LOW HITPOINT WARNING * * *
You feel very sick. The ogre zombie closely misses you.
You see here a giant club of venom.
You claw the ogre zombie! x2
The ogre zombie is heavily damaged.
* * * LOW HITPOINT WARNING * * *
You feel very sick.
You scratch the ogre zombie.
The ogre zombie is severely damaged.
* * * LOW HITPOINT WARNING * * *
You feel very sick.
The ogre zombie hits you with a giant spiked club of venom!
You die...

####.. ......## .......#
......# ###### ....#
########§§§§§#
#..###§§§§§§#§§§§§##
#....#§§§§§§#§§§§§##
#....#§§#.#.§§§.$$#.
#...©#§§©.@Z§§..?©#©
#....#§§#.#.§§..$!#.
#....#§§§§§§#§.§§§##
#######.##.#§§§§§§#§§§§§##
.....##.##.########§§§§§#
.....'..........# ######
.....##.###..##.#
.....##.# ..... ..†..##.#
.....#####


You could see an ogre zombie.

Vanquished Creatures
  Sigmund (D:3)
  Edmund (D:4)
  3 phantoms
  An ogre (D:2)
  A howler monkey (D:5)
  A hound (D:4)
  A jelly (D:3)
  3 orc priests
  Jessica (D:3)
  3 orc wizards
  A worker ant (D:5)
  2 ogre zombies (D:5)
  2 oozes
  3 worms
  4 dart slugs
  3 leopard geckos
  15 orcs
  7 giant cockroaches
  13 goblins
  7 hobgoblins
  6 jackals
  8 kobolds
  A quokka (D:4)
  2 ball pythons
  9 bats
  3 frilled lizards
  A quokka skeleton (D:4)
  10 rats
113 creatures vanquished.

Notes
Turn   | Place    | Note
-------+----------+-------------------------------------------
     0 | D:1      | naslowski the Troll Fighter began the quest for the Orb.
     0 | D:1      | Reached XP level 1. HP: 22/22 MP: 0/0
   211 | D:1      | Reached XP level 2. HP: 19/29 MP: 1/1
   686 | D:1      | Reached XP level 3. HP: 36/36 MP: 2/2
  1177 | D:2      | Noticed an ogre
  1644 | D:2      | Killed an ogre
  1644 | D:2      | Reached skill level 3 in Unarmed Combat
  1644 | D:2      | Reached XP level 4. HP: 44/44 MP: 3/3
  1828 | D:2      | Reached XP level 5. HP: 47/52 MP: 4/4
  2286 | D:3      | Noticed Sigmund
  2304 | D:3      | Killed Sigmund
  2304 | D:3      | Reached skill level 1 in Stealth
  2304 | D:3      | Reached skill level 4 in Unarmed Combat
  2304 | D:3      | Reached XP level 6. HP: 45/61 MP: 5/5
  2483 | D:3      | Noticed Jessica
  2509 | D:3      | Killed Jessica
  2655 | D:3      | Reached skill level 5 in Unarmed Combat
  3319 | D:3      | Paralysed by fainting for 6 turns
  3334 | D:3      | Paralysed by fainting for 6 turns
  3356 | D:3      | Paralysed by fainting for 8 turns
  3516 | D:3      | Found a sparkling altar of Nemelex Xobeh.
  4055 | D:4      | Reached XP level 7. HP: 61/67 MP: 6/6
  4069 | D:4      | Found Riacut's General Store.
  4075 | D:4      | Noticed Edmund
  4092 | D:4      | Killed Edmund
  4267 | D:4      | Found a burning altar of Makhleb.
  4528 | D:4      | Bought a +0 troll leather armour for 180 gold pieces
  4904 | D:4      | Reached skill level 6 in Unarmed Combat
  5125 | D:5      | Entered Level 5 of the Dungeon
  5204 | D:5      | Reached skill level 1 in Armour
  5222 | D:5      | Found a transporter.
  5273 | D:5      | Reached XP level 8. HP: 75/75 MP: 7/7
  5284 | D:5      | Found a transporter.
  5303 | D:5      | Slain by an ogre zombie

Skill      XL: |  1  2  3  4  5  6  7 |
---------------+----------------------+-----
Dodging        | 3 4 |  4.7
Unarmed Combat | 3 4 5 6 |  6.8
Fighting       | 3 |  3.5
Stealth        | 1 |  1.4
Armour         | 1 |  1.4
Shields        | |  2.6

Action                   |  1- 3 |  4- 6 |  7- 9 || total
-------------------------+-------+-------+-------++-------
Melee: Unarmed           |    92 |   172 |   108 ||   372
       Punch             |     2 |     4 |     3 ||     9
 Stab: Sleeping          |     1 |       |       ||     1
  Eat: Chunk             |    20 |    16 |     3 ||    39
       Ration            |       |     1 |     1 ||     2
Armor: Robe              |    41 |    34 |       ||    75
       Skin              |       |    35 |     4 ||    39
       Troll leather arm |       |       |    39 ||    39
Dodge: Dodged            |    55 |   107 |    69 ||   231
